Map: Deathaura LE

Players

INnoVation

  • Race: Terran Terran
  • League: Master
  • Spawn Location: 11:00

Maru - Winner!

  • Race: Terran Terran
  • Spawn Location: 5:00

VOD

https://www.youtube.com/watch?v=6K4JcEpB3Fk&t=614s

Description

Mine drop into macro

Time

  • Played on: Oct. 10, 2020, 1:43 p.m.
  • Length: 24:13
Show
View Real Time Build Order
Export as new Build Order

INnoVation Terran 

Build Orders: Reaper Expand 

Get SALT Encoding   

  12  0:00  SCV  
  13  0:12  SCV  
  14  0:16  Supply Depot  
  14  0:24  SCV  
  15  0:38  SCV  
  15  0:40  Barracks  
  16  0:43  Refinery  
  16  0:50  SCV  
  17  1:02  SCV  
  18  1:14  SCV  
  19  1:26  Orbital Command  
  19  1:27  Reaper  
  20  1:41  Command Center  
  20  1:52  SCV  
  21  1:54  Supply Depot  
  21  1:59  Marine  
  22  2:04  SCV  
  23  2:08  Factory  
  23  2:16  Refinery  
  23  2:18  SCV  
  23  2:19  Barracks Reactor  
  24  2:30  SCV  
  25  2:42  SCV  
  26  2:52  Hellion, Orbital Command  
  26  2:53  Starport  
  26  2:55  SCV  
  26  2:56  Marine x2  
  31  3:07  SCV  
  32  3:13  Factory Tech Lab  
  32  3:14  Refinery, Marine x2  
  32  3:18  SCV  
  32  3:19  SCV  
  36  3:30  Starport Tech Lab  
  36  3:31  Cyclone  
  36  3:32  SCV x2  
  41  3:35  Supply Depot  
  41  3:37  Marine  
  41  3:38  Marine  
  43  3:44  SCV x2  
  45  3:55  Marine  
  45  3:57  Raven, Marine  
  45  3:58  Supply Depot  
  45  4:00  SCV x2  
  51  4:07  Siege Tank  
  54  4:13  Supply Depot  
  54  4:20  SCV x2  
  54  4:23  Marine x2  
  55  4:32  SCV x2  
  57  4:39  Raven  
  57  4:44  SCV x2, Marine x2  
  59  4:47  Siege Tank  
  60  4:54  Supply Depot  
  60  4:55  Command Center  
  60  4:58  SCV x2  
  62  5:03  Marine x2  
  64  5:10  SCV x2  
  64  5:11  Refinery  
  66  5:20  Supply Depot, Siege Tank  
  69  5:22  SCV x2  
  71  5:28  Starport Reactor  
  71  5:29  Barracks  
  71  5:31  Barracks  
  71  5:34  Stimpack  
  71  5:35  SCV x2  
  73  5:45  Engineering Bay x2  
  73  5:47  SCV x2  
  73  5:48  Marine  
  75  5:57  Siege Tank  
  75  5:59  SCV x2  
  75  6:01  Supply Depot  
  80  6:04  Barracks  
  80  6:09  Barracks  
  80  6:11  SCV  
  80  6:12  SCV, Terran Infantry Weapons Level 1  
  80  6:13  Terran Infantry Armor Level 1  
  80  6:14  Starport Reactor  
  80  6:16  Orbital Command  
  82  6:24  SCV x2  
  84  6:27  Marine x2  
  84  6:28  Marine  
  84  6:30  Supply Depot  
  87  6:33  Supply Depot, Siege Tank  
  87  6:37  SCV x2  
  92  6:41  Orbital Command  
  92  6:47  Marine  
  92  6:48  Marine x4  
  92  6:49  SCV x2  
  92  6:53  Medivac x2  
  102  6:58  Barracks Reactor x2, Supply Depot  
  102  7:01  SCV x2  
  104  7:08  SCV  
  105  7:10  Siege Tank  
  105  7:13  SCV x2, Combat Shield  
  110  7:17  Marine x5  
  110  7:21  Supply Depot  
  115  7:23  Armory  
  115  7:24  SCV  
  115  7:25  SCV x2  
  117  7:31  Medivac x2  
  117  7:32  Refinery  
  117  7:33  Refinery  
  117  7:34  Marine  
  117  7:35  Marine x2  
  122  7:38  Marine  
  122  7:39  Marine x2  
  122  7:43  Siege Tank  
  129  7:44  SCV x3  
  129  7:50  Supply Depot  
  129  7:51  Marine x3  
  130  7:52  Marine x2  
  130  7:57  SCV x3  
  138  8:02  Medivac  
  138  8:03  Marine  
  141  8:11  Marine x3  
  141  8:12  Medivac  
  146  8:14  Command Center  
  146  8:19  Terran Infantry Weapons Level 2  
  146  8:21  Sensor Tower  
  146  8:24  Marine x3  
  149  8:28  Terran Infantry Armor Level 2  
  149  8:34  Marine x2  
  149  8:42  Barracks Reactor  
  149  8:45  Supply Depot x2  
  149  9:02  Marine  
  149  9:03  Marine, Barracks x2  
  149  9:04  Marine  
  149  9:05  Marine  
  149  9:06  Marine, Siege Tank  
  149  9:07  Medivac x2  
  149  9:08  Marine x3  
  157  9:15  Factory  
  154  9:18  Supply Depot x2  
  154  9:20  Marine  
  154  9:21  Marine  
  154  9:22  Marine x2  
  154  9:23  Marine x2  
  154  9:24  Marine  
  157  9:26  Marine x3  
  157  9:30  Planetary Fortress  
  160  9:38  Medivac x2, Marine  
  164  9:39  Marine  
  164  9:40  Marine x4  
  164  9:41  Marine  
  164  9:43  Marine, Siege Tank  
  164  9:44  Marine x2  
  173  9:53  Marine x2  
  173  9:56  Marine x2  
  173  9:57  Marine  
  173  9:58  Marine x3  
  173  9:59  Marine  
  143  10:10  Medivac x2, Siege Tank  
  143  10:11  Barracks Reactor  
  143  10:12  Barracks Reactor, Marine x3  
  143  10:14  Marine x2  
  153  10:15  SCV x2, Marine  
  153  10:16  Marine x3  
  153  10:20  Siege Tank  
  164  10:25  Marine  
  165  10:30  Marine x3  
  165  10:31  Marine  
  165  10:33  Marine x2  
  165  10:34  Marine x3  
  163  10:40  Medivac x2  
  159  10:43  Marine  
  159  10:45  Siege Tank  
  159  10:48  Marine x3  
  159  10:49  Marine  
  160  10:51  Marine x3  
  160  10:52  Marine, Siege Tank  
  165  10:58  Marine x5  
  165  11:01  Marine  
  165  11:02  Terran Infantry Weapons Level 3  
  171  11:05  Marine  
  171  11:06  Terran Infantry Armor Level 3, Marine x2  
  174  11:14  Marine x4  
  174  11:15  Marine  
  174  11:16  Marine x3  
  174  11:17  Marine x2  
  179  11:19  Medivac  
  179  11:22  Medivac  
  179  11:24  Siege Tank  
  173  11:29  Marine x4  
  173  11:32  Marine  
  172  11:37  Siege Tank  
  171  11:40  Command Center  
  171  11:46  Marine  
  167  11:53  Medivac x2  
  163  11:54  Marine x6  
  163  11:55  Marine x3  
  163  11:58  Siege Tank  
  164  12:04  Marine x5  
  168  12:12  Marine x3  
  168  12:23  Medivac x2  
  168  12:24  Siege Tank  
  168  12:25  Marine x11  
  181  12:30  Marine, Siege Tank  
  181  12:31  Marine  
  181  12:32  Marine  
  181  12:33  SCV  
  188  12:42  Marine  
  188  12:43  Terran Vehicle Weapons Level 1, Marine x3  
  192  12:51  Marine x8  
  192  12:54  Planetary Fortress  
  187  13:07  Marine  
  187  13:10  Siege Tank x2  
  174  13:14  Medivac x2  
  157  13:21  Marine  
  157  13:22  Marine x5  
  149  13:27  Marine  
  149  13:28  Marine x7  
  140  13:35  SCV  
  140  13:36  SCV x3  
  140  13:39  Marine  
  140  13:40  Marine x5  
  150  13:42  Siege Tank x2  
  150  13:44  Medivac x2  
  150  13:45  Marine x2  
  150  13:46  Marine x6  
  168  13:55  SCV  
  169  13:57  SCV, Marine x6  
  169  14:01  Command Center  
  176  14:03  Marine x6  
  176  14:09  Marine  
  183  14:10  Marine  
  183  14:15  Marine x6  
  189  14:17  Siege Tank x2  
  189  14:20  Medivac x2  
  189  14:21  Marine  
  198  14:24  Marine  
  194  14:39  Marine  
  194  14:40  Marine x5  
  200  14:46  Command Center x2, Sensor Tower  
  200  14:57  Starport Reactor  
  200  15:01  Starport Reactor  
  200  15:12  Starport  
  200  15:14  Terran Vehicle Weapons Level 2, Starport  
  200  15:15  Starport  
  200  15:17  Starport  
  199  15:47  Refinery x2  
  199  15:48  Refinery  
  199  15:50  Refinery  
  199  15:52  Starport Reactor, Starport Tech Lab x2  
  199  15:54  Starport Reactor, Starport Tech Lab  
  189  15:58  Marine x2  
  189  15:59  Viking x2, Marine x4  
  189  16:00  Siege Tank  
  189  16:03  Orbital Command  
  199  16:04  Command Center  
  199  16:05  Command Center  
  199  16:18  Sensor Tower  
  199  16:21  Corvid Reactor  
  199  16:33  Planetary Fortress  
  199  16:35  Refinery  
  199  16:36  Refinery, Command Center  
  199  16:38  Viking x2, Command Center  
  199  16:39  Viking x2  
  197  16:47  Siege Tank x2  
  170  16:48  Marine x9  
  170  16:49  Marine  
  163  16:57  Viking  
  163  16:58  Raven x2  
  163  17:00  Marine x4  
  153  17:06  Marine x5  
  156  17:14  Viking x3  
  162  17:17  Viking  
  163  17:27  Raven  
  164  17:31  Orbital Command  
  164  17:33  SCV x3  
  164  17:34  SCV  
  169  17:38  Terran Vehicle Weapons Level 3  
  169  17:42  Viking  
  169  17:43  Viking  
  172  17:44  Viking x2  
  172  17:45  Viking  
  172  17:51  Viking  
  180  17:54  Orbital Command  
  180  17:55  Orbital Command  
  180  18:08  Command Center  
  180  18:11  Siege Tank x2  
  186  18:21  Raven x3  
  174  18:36  Marine  
  174  18:37  Marine x7  
  174  18:39  Marine  
  174  18:40  Marine  
  181  18:43  Siege Tank x2  
  184  18:49  Marine  
  184  18:50  Marine  
  184  18:51  Marine x2  
  182  19:06  Marine  
  182  19:07  Marine x11  
  182  19:09  Marine x2  
  194  19:15  Siege Tank x2  
  162  19:42  Viking, Raven x3  
  162  19:43  Viking x3, Marine x7  
  162  19:44  Marine x7  
  178  19:47  Siege Tank  
  176  20:01  Marine x6  
  176  20:03  Marine x8  
  176  20:04  Siege Tank  
  136  20:12  Orbital Command  
  128  20:16  Planetary Fortress  
  128  20:19  Orbital Command, Marine x6, Siege Tank  
  128  20:21  Marine x7  
  138  20:25  SCV x2  
  138  20:26  SCV x2  
  148  20:35  Orbital Command, Liberator  
  150  20:36  SCV  
  150  20:37  SCV  
  150  20:38  SCV x3  
  150  20:39  Marine x5, Siege Tank  
  150  20:40  Marine x2  
  164  20:47  Viking x2  
  164  20:48  Viking  
  170  20:55  Marine x7  
  177  20:57  Marine  
  177  21:02  Marine x5  
  170  21:09  Viking  
  170  21:10  Viking x2  
  170  21:17  Viking  
  162  21:22  Medivac x2  
  163  21:26  Marine x2  
  163  21:27  Marine x5  
  163  21:31  SCV x2  
  163  21:32  SCV x3  
  175  21:34  Orbital Command  
  175  21:40  Medivac x2  
  175  21:41  Viking  
  166  21:55  Marine  
  107  22:10  Marine  
  107  22:11  Marine x7  
  106  22:18  Raven  
  96  22:25  Marine x2  
  96  22:26  Marine x3  
  101  22:36  Siege Tank  
  104  22:40  SCV x2  
  104  22:41  SCV x2  
  104  22:43  Marine x8  
Show
View Real Time Build Order
Export as new Build Order

Maru Terran - Winner!

Build Orders:  

Get SALT Encoding   

  12  0:00  SCV  
  13  0:12  SCV  
  14  0:17  Supply Depot  
  14  0:24  SCV  
  15  0:38  SCV  
  15  0:39  Barracks  
  15  0:42  Refinery  
  16  0:50  SCV  
  16  0:53  Refinery  
  17  1:02  SCV  
  18  1:15  SCV  
  19  1:26  Reaper  
  19  1:27  Orbital Command  
  19  1:28  Supply Depot  
  20  1:42  Factory  
  20  1:52  SCV  
  21  1:58  Reaper  
  22  2:05  SCV  
  23  2:17  SCV  
  24  2:25  Command Center  
  24  2:26  Hellion  
  24  2:29  SCV  
  27  2:34  Barracks Reactor  
  27  2:38  Supply Depot  
  27  2:41  SCV  
  28  2:47  Starport  
  28  2:51  Widow Mine  
  28  2:54  SCV  
  31  3:06  SCV  
  31  3:11  Marine x2  
  34  3:13  Factory Tech Lab  
  34  3:18  SCV  
  35  3:27  Medivac  
  35  3:30  SCV, Marine  
  39  3:37  Orbital Command, Marine  
  39  3:39  Refinery  
  40  3:42  SCV  
  41  3:49  Marine, Factory Tech Lab  
  41  3:54  SCV  
  41  3:55  Marine  
  44  4:02  Supply Depot  
  44  4:03  SCV  
  44  4:06  SCV, Raven  
  44  4:08  Cyclone  
  51  4:15  SCV, Marine x2  
  54  4:23  SCV  
  55  4:27  SCV  
  56  4:35  SCV  
  56  4:36  Command Center  
  57  4:39  SCV  
  55  4:47  SCV  
  55  4:48  Siege Tank  
  55  4:51  Raven  
  55  4:52  SCV  
  57  4:58  Supply Depot  
  57  4:59  SCV, Refinery  
  56  5:04  SCV  
  57  5:10  Marine x2  
  57  5:12  SCV  
  60  5:16  SCV  
  60  5:17  Supply Depot  
  60  5:20  Siege Tank  
  64  5:24  SCV  
  64  5:28  SCV  
  66  5:30  Barracks  
  66  5:31  Barracks  
  66  5:36  SCV  
  66  5:40  SCV  
  66  5:41  Marine  
  66  5:42  Stimpack  
  69  5:46  Viking  
  69  5:47  Viking  
  69  5:48  Orbital Command  
  69  5:49  SCV  
  74  5:54  Siege Tank  
  77  6:01  SCV x2  
  77  6:02  Engineering Bay x2  
  79  6:04  Marine  
  80  6:12  Orbital Command  
  80  6:13  SCV x2, Supply Depot  
  80  6:16  Viking x2  
  86  6:22  Barracks Reactor x2  
  87  6:25  SCV x2  
  87  6:28  Supply Depot  
  87  6:29  Siege Tank  
  89  6:37  SCV x2  
  89  6:38  SCV  
  92  6:46  Viking x2, Sensor Tower  
  96  6:49  SCV x2  
  96  6:50  SCV  
  99  6:56  Marine  
  99  7:00  Supply Depot x2, Marine x2  
  99  7:01  SCV, Marine x2  
  104  7:02  SCV x2  
  107  7:09  Terran Infantry Weapons Level 1, Terran Infantry Armor Level 1  
  107  7:12  Refinery  
  107  7:13  Refinery  
  107  7:14  SCV x2  
  109  7:18  Supply Depot  
  109  7:21  Marine x5  
  109  7:22  SCV, Siege Tank  
  118  7:25  Combat Shield  
  118  7:28  SCV  
  118  7:29  SCV  
  118  7:38  Viking x2  
  118  7:39  Marine x4  
  126  7:44  Command Center  
  126  7:45  Supply Depot  
  125  7:56  Siege Tank  
  125  7:57  Missile Turret x2  
  128  7:59  SCV  
  128  8:00  SCV x2  
  128  8:05  Supply Depot  
  130  8:06  Supply Depot  
  130  8:11  Barracks  
  130  8:12  Medivac x2, Barracks  
  134  8:22  Factory  
  134  8:24  Armory, SCV x3  
  137  8:36  Supply Depot  
  137  8:39  Marine x2  
  136  8:42  Liberator x2  
  136  8:43  Siege Tank  
  136  8:47  Marine x2  
  143  8:56  Marine  
  143  8:57  Marine x2  
  143  8:58  SCV x2  
  137  9:05  Marine x2  
  137  9:08  SCV  
  123  9:10  SCV x2  
  123  9:15  Marine x2  
  125  9:17  Siege Tank  
  125  9:21  SCV  
  125  9:22  SCV x2  
  125  9:23  Marine x2  
  132  9:27  Barracks Reactor  
  132  9:31  Barracks Reactor  
  132  9:33  SCV, Marine x2  
  132  9:34  SCV x2  
  132  9:35  Barracks Reactor, Missile Turret  
  132  9:36  Missile Turret x2  
  137  9:41  Terran Infantry Armor Level 2, Marine x2, Terran Infantry Weapons Level 2, Siege Tank  
  137  9:42  Terran Vehicle Weapons Level 1  
  137  9:45  SCV  
  143  9:51  Marine x2  
  144  9:58  Marine x2  
  125  10:02  Marine x2  
  125  10:05  Viking x2  
  112  10:08  Marine  
  112  10:09  Marine x3, Siege Tank  
  112  10:12  SCV  
  112  10:13  Siege Tank  
  112  10:14  SCV x2  
  125  10:16  Marine x2  
  125  10:20  Marine x3  
  130  10:23  Marine  
  130  10:26  Marine x3  
  130  10:27  Marine  
  135  10:34  Marine x2  
  135  10:35  Viking x2  
  138  10:38  Marine x3  
  138  10:40  Marine  
  133  10:44  Marine x4  
  133  10:45  Starport  
  133  10:46  Starport  
  134  10:52  Marine x2, Siege Tank x2  
  134  10:56  Marine x2  
  143  11:05  Liberator x2  
  143  11:09  Marine x3  
  143  11:10  Marine x4  
  156  11:16  SCV x2  
  150  11:19  SCV  
  150  11:23  Marine  
  150  11:24  Marine x2, Siege Tank  
  142  11:27  Marine x5  
  142  11:28  SCV x2  
  142  11:31  SCV  
  146  11:39  Starport Tech Lab x2  
  146  11:40  SCV x2  
  146  11:42  Marine  
  146  11:43  SCV  
  146  11:45  Marine x2  
  149  11:53  SCV  
  149  11:54  SCV  
  138  11:55  Marine x3  
  138  11:57  Raven  
  138  11:58  Raven  
  138  11:59  Viking x2  
  138  12:00  SCV  
  141  12:05  Planetary Fortress  
  141  12:06  SCV x2  
  143  12:13  SCV  
  143  12:14  Marine x4  
  148  12:21  Marine  
  144  12:26  Marine x4  
  144  12:28  SCV x2  
  144  12:31  Sensor Tower x2, Siege Tank x2  
  144  12:34  Refinery  
  144  12:35  Refinery  
  150  12:37  Medivac  
  150  12:42  Medivac  
  150  12:43  SCV  
  150  12:44  SCV x2  
  156  12:45  Refinery  
  156  12:49  Marine x5  
  162  13:02  Marine  
  163  13:09  Marine  
  163  13:10  Marine x6  
  164  13:14  Command Center  
  158  13:21  Raven x2  
  158  13:26  Marine  
  158  13:27  Marine x2  
  156  13:28  Siege Tank x2  
  160  13:35  SCV x4  
  160  13:37  Terran Infantry Weapons Level 3  
  160  13:40  Marine x4  
  168  13:47  Terran Infantry Armor Level 3  
  168  13:52  Viking  
  170  13:57  Terran Vehicle Weapons Level 2  
  170  14:03  Marine x2  
  170  14:04  Missile Turret  
  170  14:06  Corvid Reactor, Missile Turret  
  172  14:23  Marine  
  172  14:24  Raven  
  172  14:25  Marine x2  
  172  14:30  Raven  
  168  14:32  Marine  
  168  14:36  Marine  
  168  14:37  Marine x5, Siege Tank x2  
  180  14:41  Command Center, Marine  
  180  14:44  Medivac  
  180  14:45  Medivac, Marine  
  185  15:06  Marine x4  
  187  15:24  Command Center  
  187  15:27  Command Center  
  187  15:36  Missile Turret  
  187  15:39  Starport  
  187  15:40  Starport  
  187  15:42  Planetary Fortress  
  187  15:53  Marine  
  187  15:55  Raven  
  186  16:11  Armory  
  186  16:18  Command Center  
  186  16:19  Sensor Tower  
  186  16:20  Missile Turret  
  186  16:21  Missile Turret  
  186  16:22  Missile Turret, Starport Tech Lab x2  
  186  16:25  Hi-Sec Auto Tracking, Neosteel Armor  
  186  16:26  Terran Vehicle Weapons Level 3  
  186  16:33  Missile Turret  
  186  16:35  Missile Turret  
  186  16:36  Raven  
  186  16:37  Raven, Missile Turret  
  186  16:38  Orbital Command  
  186  16:39  Orbital Command  
  169  16:50  Marine  
  169  16:51  Siege Tank x2  
  174  16:55  Marine x3  
  174  17:00  Raven  
  174  17:02  Marine x2  
  174  17:03  Marine x4  
  174  17:08  Marine  
  180  17:09  Terran Vehicle And Ship Armor Level 1  
  180  17:13  Marine x3  
  180  17:14  Command Center  
  184  17:18  Raven  
  184  17:21  Raven x2  
  190  17:29  Command Center  
  190  17:44  Viking x2  
  194  17:57  Sensor Tower  
  194  18:03  Missile Turret x2  
  194  18:06  Missile Turret, Refinery  
  194  18:09  Marine x2  
  194  18:10  Marine x4  
  194  18:11  Fusion Core  
  200  18:20  Missile Turret  
  200  18:26  Missile Turret  
  180  18:35  Marine x9  
  180  18:36  Viking x5  
  180  18:37  Planetary Fortress  
  197  18:46  Marine  
  194  18:53  Marine x5  
  196  19:04  Terran Ship Weapons Level 1  
  196  19:15  Marine  
  183  19:24  Marine  
  183  19:25  Raven x2, Marine x6  
  183  19:26  Raven, Medivac x2  
  183  19:27  Marine x2  
  197  19:34  Marine  
  197  19:35  Medivac  
  172  19:42  Marine x2  
  172  19:44  Marine x5  
  172  19:45  Marine x2  
  177  19:48  Barracks x2  
  177  19:49  Barracks  
  177  19:51  Orbital Command  
  177  19:52  Marine  
  178  19:53  Planetary Fortress, Refinery  
  178  19:56  Medivac  
  178  20:00  Marine x2  
  178  20:02  Marine  
  178  20:06  Marine x6  
  166  20:07  Siege Tank  
  166  20:09  Refinery  
  166  20:10  Refinery  
  154  20:15  Marine  
  154  20:16  Raven  
  154  20:18  Marine x2  
  154  20:19  Marine  
  160  20:24  Marine x6  
  160  20:27  Command Center  
  166  20:31  Terran Vehicle And Ship Armor Level 2  
  166  20:33  Marine  
  167  20:36  Marine x2  
  167  20:37  Marine  
  167  20:41  Barracks Reactor x2, Marine  
  167  20:42  Barracks Reactor, Marine x3  
  174  20:50  Marine, Siege Tank  
  174  20:51  Marine x2, Siege Tank  
  174  20:53  Marine  
  174  20:54  Marine  
  174  20:55  Marine  
  186  20:59  Marine x4  
  190  21:08  Marine x2  
  190  21:09  Marine  
  193  21:18  Viking, Raven x2  
  194  21:23  Siege Tank  
  194  21:25  Marine x5  
  200  21:37  Command Center  
  190  21:58  Raven x2  
  190  21:59  Marine x8  
  190  22:00  Raven  
  173  22:01  Marine x7  
  173  22:02  Marine, Siege Tank  
  165  22:13  Raven  
  154  22:17  Marine x8  
  154  22:19  Marine  
  163  22:23  Marine  
  163  22:24  Marine x6  
  163  22:27  Medivac  
  163  22:28  Medivac  
  174  22:35  Marine x3  
  177  22:38  Marine  
  177  22:39  Unknown x2  
  178  22:50  Marine x2  
Tags
 
League
Master
Matchup
TvT
Race
Terran
Spawn Locations
Cross Positions
Add a new tag
Caveats
  • Supply blocks, unpowered buildings, or Contaminate may cause inaccurate times.
  • Supply counts are checked every 10 seconds.